 Dungeon Crawl Stone Soup version 0.28-a0-664-gc179e30c89 (webtiles) character file.

Game seed: 14912330162930968462

4170 hellse the Destroyer (level 10, -2/53 HPs)
             Began as a Gargoyle Earth Elementalist on Oct 15, 2021.
             Was a Believer of Vehumet.
             Slain by an orc knight (18 damage)
             ... in a bailey.
             The game lasted 00:14:17 (8281 turns).

hellse the Destroyer (Gargoyle Earth Elementalist)  Turns: 8281, Time: 00:14:18

Health: -2/53      AC: 16    Str: 12    XL:     10   Next: 28%
Magic:  5/18       EV: 26    Int: 19    God:    Vehumet [**....]
Gold:   303        SH:  0    Dex: 10    Spells: 10/20 levels left

rFire   . . .      SeeInvis +   t - +3 great sword
rCold   . . .      Faith    .   (shield currently unavailable)
rNeg    + + .      Spirit   .   F - +2 robe {rN+}
rPois   ∞          Reflect  .   n - +2 hat
rElec   +          Harm     .   D - +2 cloak
rCorr   .          Rampage  .   (no gloves)
Will    .....                   (no boots)
Stlth   ++........              h - amulet of the acrobat
HPRegen 0.17/turn               j - ring of see invisible
MPRegen 0.16/turn               (no ring)

@: acrobatic
A: sickness immunity, AC +7, negative energy resistance 1, electricity
resistance, torment resistance 1, petrification resistance
a: Renounce Religion


You were in a bailey.
You worshipped Vehumet.
Vehumet was pleased with you.
You visited 1 branch of the dungeon, and saw 8 of its levels.
You also visited: Bailey.

You collected 303 gold pieces.

Inventory:

Hand Weapons
 f - a +0 mace
 g - a +0 quarterstaff
 s - a +1 rapier of draining
 t - a +3 great sword (weapon)
 u - a +1 vampiric spear
 z - a +1 whip of flaming
 E - a +0 scimitar of flaming
 G - a +1 flail of holy wrath
 H - a +4 flail of freezing
Missiles
 c - 63 stones
Armour
 b - a +0 robe
 n - a +2 hat (worn)
 A - a +0 leather armour
 D - a +2 cloak (worn)
 F - a +2 robe of positive energy (worn)
Jewellery
 h - an amulet of the acrobat (around neck)
 j - a ring of see invisible (left hand)
 y - a ring of ice
Wands
 B - a wand of iceblast (17)
Scrolls
 e - a scroll of identify
 k - 2 scrolls of enchant weapon
 l - a scroll of immolation
 o - 4 scrolls of teleportation
 r - 4 scrolls of enchant armour
 x - a scroll of blinking
 C - 2 scrolls of fear
Potions
 a - a potion of heal wounds {unknown}
 d - 4 potions of lignification {unknown}
 i - 3 potions of haste {unknown}
 m - 2 potions of attraction {unknown}
 p - 4 potions of curing {unknown}
 q - 2 potions of flight {unknown}
 v - a potion of might {unknown}
 w - a potion of mutation {unknown}


   Skills:
 + Level 1.9 Fighting
 - Level 1.5 Dodging
 - Level 2.1 Stealth
 - Level 5.5 Spellcasting
 - Level 9.4 Conjurations
 - Level 0.7 Transmutations
 - Level 7.3 Fire Magic
 - Level 9.0 Earth Magic


You had 10 spell levels left.
You knew the following spells:

 Your Spells              Type           Power      Damage    Failure   Level
a - Sandblast             Erth           78%        2d17      1%          1
b - Stone Arrow           Conj/Erth      80%        3d12      1%          3
c - Flame Wave            Conj/Fire      37%        3d8       3%          4
d - Blink                 Tloc           N/A        N/A       19%         2

Your spell library contained the following spells:

 Spells                   Type           Power      Damage    Failure   Level
 Scorch                   Fire           66%        2d8       1%          2
 Foxfire                  Conj/Fire      100%       2x1d9     1%          1
 Conjure Flame            Conj/Fire      37%        6-21      1%          3
 Passwall                 Tmut/Erth      19%        N/A       2%          2
 Sticky Flame             Conj/Fire      37%        2d6       3%          4
 Inner Flame              Hex/Fire       19%        N/A       8%          3
 Animate Skeleton         Necr           10%        N/A       12%         1
 Apportation              Tloc           10%        N/A       12%         1
 Summon Small Mammal      Summ           20%        N/A       12%         1
 Ignite Poison            Fire/Tmut/Pois 15%        N/A       12%         3
 Petrify                  Tmut/Erth      23%        N/A       16%         4
 Call Canine Familiar     Summ           5%         N/A       34%         3
 Lesser Beckoning         Tloc           5%         N/A       34%         3
 Summon Guardian Golem    Hex/Summ       5%         N/A       34%         3
 Manifold Assault         Tloc           5%         N/A       97%         5


Dungeon Overview and Level Annotations

Branches:
Dungeon (8/15)             Temple (0/1) D:6            Lair (0/6) D:8
 Bailey (1/1)

Altars:
Ashenzari
Cheibriados
Dithmenos
Fedhas
Makhleb
Ru
Uskayaw
Vehumet
Xom


Innate Abilities, Weirdness & Mutations

You are immune to sickness and miasma.
Your stone body is resilient. (AC +7)
You are immune to poison.
You resist negative energy. (rN+)
You are resistant to electric shocks. (rElec)
You are resistant to unholy torment.
You are immune to petrification.


Message History

You hear a shout!
The orc knight hits you from afar with a +0 glaive.
The orc warrior shoots a bolt.
The bolt completely misses you.
Unknown command.
Unknown command.
Unknown command.
Unknown command.
Casting: Flame Wave (dangerous; 3% risk of failure)
Confirm with . or Enter, or press ? or * to list all spells.
Casting: Flame Wave (dangerous; 3% risk of failure)
Press: ? - help, Dir - look around, f - activate A wave of flame ripples out! (Press . to intensify the flame waves.)
You are engulfed in a cloud of scalding steam.
The orc knight is engulfed in a cloud of scalding steam.
The orc knight hits you from afar with a +0 glaive.
The orc warrior shoots a bolt.
The bolt hits you but does no damage.
Unknown command.
Unknown command.
A wave of flame ripples out!
The flame wave engulfs the orc knight!
The orc knight is severely wounded.
The flame wave engulfs the orc warrior.
The orc warrior is lightly wounded.
You are engulfed in a cloud of scalding steam.
The orc knight is engulfed in a cloud of scalding steam.
The orc knight roars a battlecry!
The orc warrior hits you from afar with a +0 halberd.
Unknown command.
A wave of flame ripples out!
The flame wave engulfs the orc knight!
The orc knight is almost dead.
The flame wave engulfs the orc warrior!
The orc warrior is severely wounded.
Vehumet accepts your kill.
You feel your power returning.
You feel a bit more experienced.
You finish channelling waves of flame.
You are engulfed in a cloud of scalding steam.
You hear a shout!
The orc knight is engulfed in a cloud of scalding steam.
The orc knight hits you from afar with a +0 glaive!!
You die...

## ###### ##∩##
####
##.....##...##..o.
#..§≈§§§#...#..≈≈≈
#.§≈)§§)......≈≈.≈
+.≈.oo§@.o....≈oo
#.≈§)§§§......≈≈o
#..≈§§)§#...#o.≈
##.....##.∩.#
###### ##∩## ###


You could see an orc knight and 2 orc warriors.

Vanquished Creatures
  Erica (D:7)
  Pikel (D:6)
  2 centaur zombies
  A wyvern (D:7)
  3 wargs (D:8)
  4 orc warriors
  A black bear (D:5)
  A centaur (D:5)
  2 ogres
  2 lemures
  2 bullfrogs
  2 scorpions
  8 wights
  2 howler monkeys (D:8)
  A crimson imp (D:4)
  2 orc priests
  Crazy Yiuf (D:7)
  A bullfrog skeleton (D:6)
  2 hounds
  2 jellies
  2 centaur skeletons (D:7)
  An iron imp (D:6)
  2 iguanas
  3 orc wizards (D:8)
  A statue (D:3)
  8 adders
  7 gnolls
  A white imp (D:8)
  2 worms
  2 dart slugs
  16 orcs
  7 ball pythons (D:1)
  3 bats
  4 endoplasms
  A giant cockroach (D:4)
  11 goblins
  7 hobgoblins
  4 jackals (D:3)
  4 frilled lizards
  2 kobolds
  6 rats
135 creatures vanquished.

Vanquished Creatures (others)
  A ghoul (D:1)
  A draconian (D:1)
  An octopode (D:1)
  2 trolls (D:1)
  An elf (D:1)
  A human (D:1)
  A dwarf (D:1)
  A felid (D:1)
  A mummy (D:1)
  A gnoll (D:1)
  An orc (D:1)
  5 fungi (D:1)
  4 plants
  5 tentacles (D:1)
26 creatures vanquished.

Grand Total: 161 creatures vanquished

Notes
Turn   | Place    | Note
-------+----------+-------------------------------------------
     0 | D:1      | hellse the Gargoyle Earth Elementalist began the quest for
                  | the Orb.
     0 | D:1      | Reached XP level 1. HP: 10/10 MP: 3/3
     0 | D:1      | Noticed a troll
     0 | D:1      | Noticed a felid
     0 | D:1      | Noticed an octopode
     0 | D:1      | Noticed a dwarf
     0 | D:1      | Noticed an elf
     0 | D:1      | Noticed a kraken
     0 | D:1      | Noticed a draconian
     0 | D:1      | Noticed a troll
     0 | D:1      | Noticed a human
     0 | D:1      | Noticed a ghoul
     4 | D:1      | Killed a felid
     5 | D:1      | Killed a dwarf
     5 | D:1      | Killed an elf
     6 | D:1      | Killed an octopode
     7 | D:1      | Killed a troll
     8 | D:1      | Killed a troll
     9 | D:1      | Killed a draconian
    11 | D:1      | Killed a human
    14 | D:1      | Killed a ghoul
   141 | D:1      | Reached XP level 2. HP: 15/15 MP: 3/5
   378 | D:1      | Found a faded altar of an unknown god.
  1296 | D:2      | Reached XP level 3. HP: 19/19 MP: 6/6
  1300 | D:2      | Learned a level 3 spell: Stone Arrow
  1391 | D:2      | Reached skill level 5 in Earth Magic
  2597 | D:3      | Reached XP level 4. HP: 24/24 MP: 5/7
  2771 | D:3      | Found a radiant altar of Vehumet.
  2771 | D:3      | Noticed a frost-covered statue
  2777 | D:3      | Became a worshipper of Vehumet
  2789 | D:3      | Killed a frost-covered statue
  2790 | D:3      | Reached XP level 5. HP: 9/28 MP: 8/8
  3220 | D:3      | Reached skill level 1 in Conjurations
  3598 | D:4      | Found a broken altar of Ashenzari.
  3678 | D:4      | Noticed an ogre
  3682 | D:4      | Killed an ogre
  3683 | D:4      | Reached XP level 6. HP: 32/32 MP: 4/9
  4042 | D:4      | Reached * piety under Vehumet
  4042 | D:4      | Offered knowledge of Freeze by Vehumet.
  4094 | D:4      | Found a shimmering altar of Xom.
  4104 | D:4      | Found a burning altar of Makhleb.
  4168 | D:5      | Entered Level 5 of the Dungeon
  4196 | D:5      | Reached XP level 7. HP: 10/36 MP: 1/10
  5012 | D:5      | Reached skill level 5 in Spellcasting
  5012 | D:5      | Reached XP level 8. HP: 34/41 MP: 1/16
  5067 | D:5      | Learned a level 4 spell: Flame Wave
  5467 | D:5      | Found a shadowy altar of Dithmenos.
  5609 | D:6      | Noticed Pikel
  5825 | D:6      | Found a snail-covered altar of Cheibriados.
  6080 | D:6      | Found a staircase to the Ecumenical Temple.
  6157 | D:6      | Killed Pikel
  6158 | D:6      | Reached XP level 9. HP: 31/45 MP: 1/17
  6433 | D:6      | Found a hide-covered altar of Uskayaw.
  6436 | D:6      | Found a blossoming altar of Fedhas.
  6443 | D:6      | Found a sacrificial altar of Ru.
  6570 | D:7      | Reached skill level 1 in Fire Magic
  7236 | D:7      | Found a runed translucent door.
  7237 | D:7      | Noticed Crazy Yiuf
  7778 | D:7      | Learned a level 2 spell: Blink
  7785 | D:7      | Killed Crazy Yiuf
  7888 | D:8      | Noticed Erica
  7890 | D:8      | Reached skill level 5 in Fire Magic
  7899 | D:7      | Killed Erica
  8043 | D:8      | Reached ** piety under Vehumet
  8096 | D:8      | Offered knowledge of Scorch by Vehumet.
  8127 | D:8      | Reached XP level 10. HP: 38/50 MP: 9/18
  8131 | D:8      | Found a staircase to the Lair.
  8171 | D:8      | Found a flagged portal.
  8269 | Bailey   | Entered a bailey
  8269 | Bailey   | Noticed an orc knight
  8270 | Bailey   | Noticed an orc knight
  8277 | Bailey   | Reached skill level 1 in Fighting
  8281 | Bailey   | Slain by an orc knight

Illustrated notes

Levels and vault maps discovered:
D:1:      nicolae_arrival_kraken_aquarium_a, layout_loops_ring,
          shapermc_ecumenical_altar_gd, roderic_roman_lattice
D:2:      minmay_recursive_quarters, layout_basic
D:3:      layout_basic, vehumet_statue, minmay_diced_spiral
D:4:      layout_gridville, grunt_temple_overflow_champion_of_chaos,
          cheibrodos_ashenzari_chains
D:5:      layout_loops_ring, lemuel_coloured_pillars_altar,
          hangedman_decor_riveting
D:6:      layout_basic, slow_altar_1, grunt_temple_overflow_diamond,
          minmay_temple_entry_statues_pillars, st_stairs_11, uniq_pikel
D:7:      layout_loops_ring, minivault_25, uniq_crazy_yiuf_cottage
D:8:      layout_rooms, erik_lair_orcish_takeover, enter_bailey_3, uniq_erica
Bailey:   bailey_polearm_4, bailey

Skill      XL: |  1  2  3  4  5  6  7  8  9 10 |
---------------+-------------------------------+-----
Earth Magic    | 4 5 6 8 9 |  9.0
Conjurations   | 3 7 8 9 |  9.4
Spellcasting   | 5 |  5.5
Fire Magic     | 7 |  7.3
Fighting       | 1 |  1.9
Dodging        | |  1.5
Stealth        | |  2.1
Transmutations | |  0.7

Action                   |  1- 3 |  4- 6 |  7- 9 | 10-12 || total
-------------------------+-------+-------+-------+-------++-------
Melee: Unarmed           |    29 |       |       |       ||    29
       Quarterstaff      |    48 |    99 |       |       ||   147
       Rapier            |       |     2 |       |       ||     2
       Great sword       |       |       |    31 |     3 ||    34
 Cast: Sandblast         |    16 |    22 |    48 |    11 ||    97
       Stone Arrow       |       |     1 |    53 |       ||    54
       Flame Wave        |       |       |     2 |     5 ||     7
       Blink             |       |       |     1 |     1 ||     2
  Use: Scroll            |       |       |     6 |       ||     6
 Stab: Sleeping          |     4 |     1 |     1 |       ||     6
       Distracted        |       |       |     1 |       ||     1
Armor: Robe              |    26 |    43 |    17 |    18 ||   104
       Leather armour    |       |       |    18 |       ||    18
Dodge: Dodged            |    40 |    86 |    55 |    25 ||   206

Table legend: (Time is in decaauts)
 A = Elapsed time spent in this place.
 B = Non-inter-level travel time spent in this place.
 C = Inter-level travel time spent in this place.
 D = Time resting spent in this place.
 E = Time spent auto-exploring this place.
 F = Levels seen in this place.
 G = Mean time per level.
                   A        B        C        D        E       F      G
               +--------+--------+--------+--------+--------+-----+--------+
         Total |   8350 |   7813 |    537 |   1818 |   4806 |   9 |  927.8 |
       Dungeon |   8338 |   7801 |    537 |   1818 |   4806 |   8 | 1042.2 |
        Bailey |     11 |     11 |      0 |      0 |      0 |   1 |   11.0 |
               +--------+--------+--------+--------+--------+-----+--------+

Top non-repeatable levels by time:
     D:5: 1484 daAuts
     D:7: 1381 daAuts
     D:2: 1323 daAuts
     D:1: 1226 daAuts
     D:3: 1067 daAuts
     D:6: 993 daAuts
     D:4: 593 daAuts
     D:8: 269 daAuts
  Bailey: 11 daAuts
